 Dungeon Crawl Stone Soup version 0.30-a0-965-g42e074c17a (webtiles) character file.

Game seed: 8528813760449272041

3998 GloriousHammer the Grappler (level 10, -2/100 HPs)
             Began as a Troll Fighter on Mar 30, 2023.
             Was a Follower of Wu Jian.
             Slain by a manticore (13 damage)
             ... on level 9 of the Dungeon.
             The game lasted 00:14:33 (8477 turns).

GloriousHammer the Grappler (Troll Fighter)         Turns: 8477, Time: 00:14:34

Health: -2/100     AC:  9    Str: 26    XL:     10   Next: 3%
Magic:  9/9        EV:  9    Int:  8    God:    Wu Jian [*.....]
Gold:   467        SH:  9    Dex:  9    Spells: 9/9 levels left

rFire   + + +      SeeInvis .      - Unarmed
rCold   . . .      Faith    .    b - +0 kite shield
rNeg    . . .      Spirit   .    H - +2 robe {rF+}
rPois   .          Reflect  .    (helmet restricted)
rElec   .          Rampage  .    s - +2 cloak
rCorr   .                        (gloves unavailable)
Will    .....                    (boots unavailable)
Stlth   +                        E - amulet of regeneration
HPRegen 1.96/turn                F - ring of protection from fire
MPRegen 0.11/turn                f - ring of protection from fire

@: spiked
A: large, unfitting armour, claws 3, regeneration 1, shaggy fur 1, tough skin 1
a: Renounce Religion


You were on level 9 of the Dungeon.
You worshipped Wu Jian.
Wu Jian was aware of your devotion.
You visited 2 branches of the dungeon, and saw 10 of its levels.

You collected 467 gold pieces.

Inventory:

Hand Weapons
 p - the +4 long sword of the Stopping Queen {flame, rF+ Will++}
   (You found it on level 3 of the Dungeon)

   rF:        It protects you from fire.
   Will:      It greatly increases your willpower.
Missiles
 d - 16 poisoned darts
 u - 5 boomerangs
 v - 87 stones (quivered)
 z - 2 javelins
 J - a curare-tipped dart
Armour
 b - a +0 kite shield (worn)
 s - a +2 cloak (worn)
 H - a +2 robe of fire resistance (worn)
Jewellery
 a - an amulet of the acrobat
 f - a ring of protection from fire (right claw)
 g - an amulet of magic regeneration
 E - an amulet of regeneration (around neck)
 F - a ring of protection from fire (left claw)
Wands
 i - a wand of roots (5)
 I - a wand of mindburst (2)
 K - a wand of polymorph (6)
Scrolls
 e - a scroll of fear
 m - a scroll of butterflies
 q - a scroll of amnesia
 r - a scroll of brand weapon
 w - 4 scrolls of noise
 x - a scroll of blinking
 y - a scroll of enchant armour
 B - a scroll of enchant weapon {unknown}
 D - a scroll of poison {unknown}
 G - a scroll of torment {unknown}
 L - 5 scrolls of teleportation
 M - 2 scrolls of immolation {unknown}
 N - a scroll of fog {unknown}
Potions
 c - a potion of might
 h - 4 potions of lignification {unknown}
 j - 3 potions of degeneration
 k - 5 potions of magic
 l - 2 potions of invisibility
 n - 5 potions of heal wounds {unknown}
 o - 3 potions of brilliance {unknown}
 t - a potion of flight {unknown}
 A - 3 potions of curing
 C - 2 potions of attraction {unknown}


   Skills:
 + Level 6.4 Fighting
 + Level 3.7 Dodging
 + Level 7.0 Shields
 * Level 10.2 Unarmed Combat


You had 9 spell levels left.
You didn't know any spells.
Your spell library contained the following spells:

 Spells                   Type           Power      Damage    Failure   Level
 Apportation              Tloc           0%         N/A       65%         1
 Kiss of Death            Conj/Necr      0%         2d5       65%         1
 Blink                    Tloc           0%         N/A       80%         2
 Lesser Beckoning         Tloc           0%         N/A       80%         2
 Momentum Strike          Conj/Tloc      0%         3d8       80%         2
 Confusing Touch          Hex            0%         N/A       95%         3
 Gell's Gravitas          Tloc           0%         N/A       95%         3
 Teleport Other           Tloc           0%         N/A       95%         3
 Dispel Undead            Necr           0%         3d6       100%        4
 Alistair's Intoxication  Tmut/Pois      0%         N/A       100%        5


Dungeon Overview and Level Annotations

Branches:
Dungeon (9/15)             Temple (1/1) D:6
   Lair: D:8-11         Orc: D:9-12

Altars:
Ashenzari
Cheibriados
Dithmenos
Elyvilon
Fedhas
Gozag
Hepliaklqana
Kikubaaqudgha
Makhleb
Nemelex Xobeh
Okawaru
Qazlal
Ru
Sif Muna
Trog
Uskayaw
Vehumet
Wu Jian
Xom
Yredelemnul
Zin
The Shining One

Shops:
D:6 (   D:8 [


Innate Abilities, Weirdness & Mutations

You are too large for most types of armour.
You have claws for hands.
Your natural rate of healing is unusually fast.
You are covered in fur. (AC +1)
You have tough skin. (AC +1)


Message History

You kill the wolf!
The Council accepts your kill. You block the wolf's attack.
You barely miss the wolf.
The wolf is moderately wounded.
The wolf closely misses you. x2
You closely miss the wolf.
The wolf is lightly wounded.
You block the wolf's attack.
You mangle the wolf!!
You kill the wolf!
The Council accepts your kill.
You have reached level 10!
You start resting.
HP restored.
You start waiting.
Done waiting.
i - a wand of roots (5);
h - 4 blue potions (gained 1)
Things that are here:
a -1 spear; a +0 animal skin; the gnoll corpse of Grum You now have 467 gold pieces (gained 22).
A centaur comes into view.
The centaur shouts!
The centaur wields a +0 shortbow.
The centaur shoots an arrow.
The arrow hits you.
The centaur shoots an arrow.
You block the arrow.
The centaur shoots an arrow.
The arrow barely misses you.
The centaur shoots an arrow.
The arrow barely misses you.
The centaur shoots an arrow.
The arrow completely misses you.
You lunge at the centaur.
You mangle the centaur!!
You kill the centaur!
The Council accepts your kill.
Your Shields skill increases to level 7!
You see here a +0 shortbow.
Found a stone staircase leading down.
Found an escape hatch in the ceiling.
A manticore comes into view.
A manticore is nearby!
Aiming: Mindburst
Press: ? - help, Shift-Dir - straight line, f - manticore
Aim: a manticore (chance to affect: 47%)
The manticore resists with some effort.
The manticore flicks its tail.
The volley of spikes hits you!
The barbed spikes become lodged in your body.
The barbs in your skin will harm you if you move.
Continue?
Okay, then.
The manticore flicks its tail.
The volley of spikes hits you!
The barbed spikes become lodged in your body.
The manticore flicks its tail.
The volley of spikes hits you!!
The barbed spikes become lodged in your body.
The barbs in your skin will harm you if you move.
Continue? [Y]es or [N]o only, please.
The barbs in your skin will harm you if you move.
Continue? [Y]es or [N]o only, please.
The barbs in your skin will harm you if you move.
Continue?
The barbed spikes dig painfully into your body as you move.
The manticore flicks its tail.
The volley of spikes hits you but does no damage.
The barbed spikes dig painfully into your body as you move.
You scratch the manticore but do no damage.
You closely miss the manticore. The manticore bites you!
You block the manticore's attack.
The manticore claws you but does no damage.
You scratch the manticore.
The manticore is lightly wounded.
You block the manticore's attack. x2; The manticore barely misses you.
You scratch the manticore but do no damage.
The manticore is lightly wounded.
You block the manticore's attack.
The manticore claws you but does no damage.
The manticore completely misses you.
You claw the manticore!
The manticore is moderately wounded.
You block the manticore's attack. The manticore claws you.
The manticore claws you!
You mangle the manticore!!
The manticore is severely wounded.
The manticore bites you!
* * * LOW HITPOINT WARNING * * *
The manticore completely misses you.
The manticore claws you but does no damage.
You scratch the manticore.
The manticore is almost dead.
The manticore bites you!
* * * LOW HITPOINT WARNING * * *
You block the manticore's attack.
The manticore claws you but does no damage.
Okay, then.
You closely miss the manticore.
The manticore is almost dead.
The manticore bites you!
* * * LOW HITPOINT WARNING * * *
You block the manticore's attack. The manticore closely misses you.
You barely miss the manticore.
The manticore is almost dead.
The manticore bites you!
You die...

#.....#############...
#..#..# #.## #..#..#
#.# #..#..# #..
#.....#+# #..
#.......# #...
#......!# ###
#.....>.# #....@..#
#....H..# #.....$.#
#...#..<# #.......#
#.......# #.......#
#........


You could see a manticore.

Vanquished Creatures
  Pikel (D:6)
  2 hornets
  Grum (D:9)
  A water moccasin (D:7)
  4 black bears
  3 centaurs
  3 wolves (D:9)
  A lemure (D:6)
  2 phantoms
  A kobold brigand (D:6)
  4 bullfrogs
  4 scorpions
  2 gnoll sergeants
  3 killer bees (D:8)
  A howler monkey (D:7)
  2 hounds
  3 jellies
  Crazy Yiuf (D:3)
  2 orc priests
  3 gnoll boudas
  3 sleepcaps
  8 iguanas
  3 orc wizards
  20 gnolls
  7 adders
  2 shadow imps
  2 white imps
  An ufetubus (D:7)
  2 worms
  A dart slug (D:3)
  26 orcs
  2 bats
  3 endoplasms
  6 giant cockroaches
  7 hobgoblins
  9 jackals
  11 kobolds
  2 quokkas
  6 ball pythons
  6 goblins
  6 rats
177 creatures vanquished.

Notes
Turn   | Place    | Note
-------+----------+-------------------------------------------
     0 | D:1      | GloriousHammer the Troll Fighter began the quest for the
                  | Orb.
     0 | D:1      | Reached XP level 1. HP: 22/22 MP: 0/0
   373 | D:1      | Reached XP level 2. HP: 29/29 MP: 1/1
  1350 | D:2      | Reached skill level 3 in Unarmed Combat
  1350 | D:2      | Reached XP level 3. HP: 19/36 MP: 2/2
  1569 | D:2      | Found a faded altar of an unknown god.
  1908 | D:3      | Identified the +0 ring mail of Patterns {*Corrode rF+ rN+
                  | Int+6}
  1927 | D:3      | Identified the +4 long sword of the Stopping Queen {flame,
                  | rF+ Will++}
  2038 | D:3      | Reached XP level 4. HP: 44/44 MP: 3/3
  2447 | D:3      | Found a shimmering blue altar of Sif Muna.
  2534 | D:3      | Found a runed translucent door.
  2535 | D:3      | Noticed Crazy Yiuf
  2674 | D:3      | Killed Crazy Yiuf
  3166 | D:3      | HP: 2/45 [iguana (4)]
  3170 | D:3      | Reached skill level 4 in Unarmed Combat
  3170 | D:3      | Reached XP level 5. HP: 6/53 MP: 4/4
  3573 | D:4      | Noticed a phantom
  3590 | D:4      | Reached XP level 6. HP: 17/61 MP: 5/5
  3598 | D:4      | Reached skill level 5 in Unarmed Combat
  3877 | D:5      | Entered Level 5 of the Dungeon
  3877 | D:5      | Found Rumikk's Jewellery Emporium.
  3919 | D:5      | Noticed a hornet
  4001 | D:5      | Reached XP level 7. HP: 24/68 MP: 6/6
  4165 | D:5      | Noticed a shadow
  4321 | D:5      | Reached skill level 6 in Unarmed Combat
  4504 | D:5      | Found a bloodstained altar of Trog.
  4563 | D:5      | Reached skill level 5 in Shields
  4563 | D:5      | Reached XP level 8. HP: 79/79 MP: 7/7
  4667 | D:5      | Reached skill level 7 in Unarmed Combat
  4828 | D:5      | Killed a hornet
  4934 | D:5      | Reached skill level 5 in Fighting
  4986 | D:6      | Found Otze Qol's Antique Weapon Emporium.
  4996 | D:6      | Noticed Pikel
  5004 | D:6      | Killed Pikel
  5005 | D:6      | Reached skill level 8 in Unarmed Combat
  5050 | D:6      | Reached XP level 9. HP: 70/88 MP: 8/8
  5357 | D:6      | Found a staircase to the Ecumenical Temple.
  5372 | Temple   | Entered the Ecumenical Temple
  5608 | Temple   | Became a worshipper of the Wu Jian Council
  5877 | D:7      | Reached skill level 9 in Unarmed Combat
  6380 | D:7      | Found a sacrificial altar of Ru.
  6946 | D:8      | Reached * piety under Wu Jian
  7040 | D:8      | Found a shadowy altar of Dithmenos.
  7934 | D:8      | Found Ekeefeachi's Antique Armour Shoppe.
  7964 | D:8      | Reached skill level 10 in Unarmed Combat
  8225 | D:9      | Noticed Grum
  8242 | D:9      | Killed Grum
  8253 | D:9      | Reached XP level 10. HP: 45/100 MP: 9/9
  8462 | D:9      | Noticed a manticore
  8477 | D:9      | Slain by a manticore

Illustrated notes

Levels and vault maps discovered:
D:1:      psy_arrival_terrarium, layout_loops_corners, minmay_worlds_worst_comb
D:2:      wad_lake_hut, layout_basic, nicolae_ecumenical_lake_church
D:3:      layout_basic, kennysheep_orc_sif_temple, uniq_crazy_yiuf_cottage
D:4:      layout_gridville, grunt_decor_mini_mirrors, guppyfry_early_lair_pool
D:5:      cheibrodos_fzero, layout_loops_corners, trog_ov_bears_minmay,
          serial_shops, nicolae_stop_n_shop_2
D:6:      layout_cave_pools, minmay_temple_entry_trees, nicolae_stop_n_shop_1,
          uniq_pikel
D:7:      layout_layer_cave, mainiacjoe_overflow_24_doors
D:8:      layout_basic, mainiacjoe_overflow_six_doors_small,
          hangedman_abyss_or_decor_slice, nicolae_wooded_promenade,
          abandoned_shop, grunt_decor_one_mirror
D:9:      layout_stronghold, serial_shops, shop, uniq_grum, uniq_joseph,
          uniq_harold
Temple:   mainiacjoe_temple_bowtie_tessellation

Skill      XL: |  1  2  3  4  5  6  7  8  9 10 |
---------------+-------------------------------+-----
Shields        | 3 4 5 6 7 |  7.0
Unarmed Combat | 3 4 5 6 8 10 | 10.2
Fighting       | 3 4 5 6 |  6.4
Dodging        | 3 |  3.7

Action                     |  1- 3 |  4- 6 |  7- 9 | 10-12 || total
---------------------------+-------+-------+-------+-------++-------
  Melee: Unarmed           |   115 |   154 |   312 |    10 ||   591
  Throw: Stone             |       |       |     8 |       ||     8
Ability: Lunge             |       |       |    13 |     1 ||    14
         Whirlwind         |       |       |     4 |       ||     4
  Evoke: Wand              |       |     2 |     3 |     1 ||     6
    Use: Potion            |       |     1 |       |       ||     1
         Scroll            |       |     8 |     4 |       ||    12
   Stab: Sleeping          |       |     1 |     1 |       ||     2
 Armour: Robe              |    35 |    53 |   126 |     5 ||   219
  Dodge: Dodged            |    33 |    58 |   120 |     7 ||   218
  Block: Kite shield       |    32 |    56 |   171 |     8 ||   267

Table legend: (Time is in decaauts)
 A = Elapsed time spent in this place.
 B = Non-inter-level travel time spent in this place.
 C = Inter-level travel time spent in this place.
 D = Time resting spent in this place.
 E = Time spent auto-exploring this place.
 F = Levels seen in this place.
 G = Mean time per level.
                   A        B        C        D        E       F      G
               +--------+--------+--------+--------+--------+-----+--------+
         Total |   8492 |   8113 |    379 |   1271 |   5367 |  10 |  849.2 |
       Dungeon |   8246 |   7913 |    333 |   1271 |   5181 |   9 |  916.2 |
        Temple |    245 |    199 |     46 |      0 |    186 |   1 |  245.0 |
               +--------+--------+--------+--------+--------+-----+--------+

Top non-repeatable levels by time:
     D:3: 1593 daAuts
     D:8: 1269 daAuts
     D:7: 1063 daAuts
     D:2: 1029 daAuts
     D:5: 967 daAuts
     D:1: 878 daAuts
     D:6: 635 daAuts
     D:4: 542 daAuts
     D:9: 265 daAuts
  Temple: 245 daAuts
